 Dungeon Crawl Stone Soup version 0.20.1-1-g8b1a95d (webtiles) character file.

2435 Kunitse the Shield-Bearer (level 9, -1/77 HPs)
             Began as a Green Draconian Berserker on Oct 8, 2017.
             Was a Priest of Trog.
             Slain by an orc warrior
             ... wielding a +0 flail
              (7 damage)
             ... on level 8 of the Dungeon.
             The game lasted 00:30:07 (7273 turns).

Kunitse the Shield-Bearer (DrBe)                    Turns: 7273, Time: 00:30:07

Health: -1/77      AC:  7    Str: 22      XL:     9   Next: 24%
Magic:  9/9        EV: 17    Int:  8      God:    Trog [***...]
Gold:   473        SH: 16    Dex: 17 (18) Spells: 8/8 levels left

rFire    . . .     SeeInvis .   a - +0 falchion
rCold    . . .     Gourm    .   o - +0 large shield
rNeg     . . .     Faith    .   (armour unavailable)
rPois    +         Spirit   .   (helmet restricted)
rElec    .         Reflect  .   (no cloak)
rCorr    .         Harm     .   (no gloves)
MR       .....     Rnd*Rage +   (no boots)
Stlth    ++++......             (no amulet)
Regen    0.3/turn               (no ring)
MPRegen  0.2/turn               (no ring)

@: agile, berserk cooldown, slowed, very slow
A: breathe noxious fumes, unfitting armour, horns 2, agile 1, berserk 1, poison
resistance, cold-blooded, AC +7
a: Breathe Noxious Fumes, Berserk, Trog's Hand, Burn Spellbooks, Renounce
Religion


You were on level 8 of the Dungeon.
You worshipped Trog.
Trog was most pleased with you.
You were very hungry.

You visited 1 branch of the dungeon, and saw 8 of its levels.

You collected 473 gold pieces.

Inventory:

Hand Weapons
 a - a +0 falchion (weapon)
Armour
 o - a +0 large shield (worn)
Jewellery
 n - a +3 ring of dexterity {unknown}
 t - an uncursed amulet of regeneration {unknown}
 y - an uncursed ring of see invisible {unknown}
 B - a cursed ring of teleportation {unknown}
 D - an uncursed ring of resist corrosion {unknown}
 I - a +2 ring of evasion {unknown}
Wands
 j - a wand of polymorph (6/24)
 q - a wand of lightning (8/15)
 z - a wand of disintegration (10/24)
 F - a wand of scattershot (4/9)
Scrolls
 d - 6 scrolls of identify {unknown}
 f - 3 scrolls of teleportation {unknown}
 i - 4 scrolls of remove curse {unknown}
 k - a scroll of amnesia {unknown}
 r - 2 scrolls of enchant weapon {unknown}
 u - a scroll of enchant armour {unknown}
 w - 2 scrolls of magic mapping {unknown}
 x - 2 scrolls of fog {unknown}
 A - a scroll of noise {unknown}
 C - a scroll of random uselessness {unknown}
 E - a scroll of immolation {unknown}
 L - a scroll of torment {unknown}
 M - a scroll of fear {unknown}
 N - a scroll of vulnerability {unknown}
Potions
 c - a potion of lignification
 g - 2 potions of magic
 l - a potion of ambrosia
 m - a potion of mutation
 s - a potion of cancellation {unknown}
 v - 2 potions of might {unknown}
 H - a potion of heal wounds {unknown}
Books
 K - a book of Unlife

   Spells                             Type                      Level
   a - Recall                         Summoning/Translocation      3
   b - Animate Dead                   Necromancy                   4
   c - Control Undead                 Necromancy                   4
   d - Cigotuvi's Embrace             Necromancy                   5
   e - Death Channel                  Necromancy                   6
   f - Simulacrum                     Ice/Necromancy               6
   Trog disapproves of the use of such an item.
Comestibles
 b - 4 bread rations
 h - 6 fruits
 p - 4 meat rations
 J - a royal jelly


   Skills:
 + Level 6.3 Fighting
 + Level 6.0 Long Blades
 + Level 5.9 Dodging
 + Level 4.8 Stealth
 * Level 6.6 Shields


You had 8 spell levels left.
You didn't know any spells.

Dungeon Overview and Level Annotations

Branches:
Dungeon (8/15)             Temple (0/1) D:5
   Lair: D:8-11

Altars:
Cheibriados
Fedhas
Kikubaaqudgha
Nemelex Xobeh

Shops:
D:7 %


Innate Abilities, Weirdness & Mutations

You can breathe blasts of noxious fumes.
Your lurid green scales are hard. (AC +7)
You cannot fit into any form of body armour.
Your system is resistant to poisons. (rPois)
You are cold-blooded and may be slowed by cold attacks.
You have a pair of horns on your head.
You are agile. (Dex +2)
You tend to lose your temper in combat.


Message History

You feel better. You block the black bear's attack.
The black bear barely misses you. You block the black bear's attack.
The orc warrior hits you with a flail.
* * * LOW HITPOINT WARNING * * *
The black bear barely misses you.
You riposte.
You slash the black bear!
Your tail-slap misses the black bear.
The black bear is moderately wounded.
You block the black bear's attack. The black bear misses you.
The orc warrior hits you with a flail!
* * * LOW HITPOINT WARNING * * *
It was a potion of mutation.
You feel extremely strange.
You feel a little pissed off. A pair of horns grows on your head!
The horns on your head grow some more.
You feel agile. The black bear barely misses you.
You riposte.
You hit the black bear. You headbutt the black bear!
The black bear is heavily wounded.
You block the black bear's attack. The black bear claws you.
* * * LOW HITPOINT WARNING * * *
The orc warrior hits you with a flail!
You die...

#.###.#####.P(..
#..........P..P
..####...###....PP
.........# ....PPP
.#####...# h..P...
##.###...P.P.
#.....P.P.Pr
#h##..PP..PP
#.@o.....P.P
######.PP)P.
..$..P .P... .##..
# #


You could see an orc warrior and a black bear.

Vanquished Creatures
  Pikel (D:6)
  Eustachio (D:6)
  A hungry ghost (D:7)
  Edmund (D:5)
  A porcupine (D:8)
  An ice beast (D:4)
  A sky beast (D:7)
  3 ogres
  A slave (D:6)
  2 centaurs (D:5)
  2 bullfrogs (D:6)
  2 scorpions (D:6)
  A howler monkey (D:4)
  A crimson imp (D:7)
  A hound (D:7)
  4 jellies
  A quasit (D:8)
  A centaur skeleton (D:6)
  An orc wizard (D:5)
  Terence (D:3)
  An iguana (D:4)
  5 worker ants
  A hound zombie (D:5)
  Robin (D:3)
  3 gnolls (D:4)
  10 adders
  3 oozes
  An adder skeleton (D:6)
  5 worms
  4 dart slugs
  2 leopard geckos
  4 orcs
  A ball python (D:2)
  A giant cockroach (D:2)
  12 goblins
  8 hobgoblins
  7 jackals (D:2)
  2 quokkas
  7 bats
  5 frilled lizards
  10 kobolds
  6 rats
127 creatures vanquished.

Vanquished Creatures (others)
  4 fungi (D:8)
4 creatures vanquished.

Grand Total: 131 creatures vanquished

Notes
Turn   | Place    | Note
-------+----------+-------------------------------------------
     0 | D:1      | Kunitse the Draconian Berserker began the quest for the Orb.
     0 | D:1      | Reached XP level 1. HP: 19/19 MP: 1/1
   104 | D:1      | Reached XP level 2. HP: 24/26 MP: 2/2
   929 | D:2      | Reached skill level 1 in Stealth
   939 | D:2      | Reached XP level 3. HP: 31/31 MP: 3/3
   940 | D:2      | Reached ** piety under Trog
  1470 | D:2      | Reached XP level 4. HP: 39/39 MP: 4/4
  2111 | D:3      | Found a snail-covered altar of Cheibriados.
  2120 | D:3      | Noticed Robin
  2215 | D:3      | Killed Robin
  2217 | D:3      | Reached XP level 5. HP: 46/46 MP: 5/5
  2219 | D:3      | Reached *** piety under Trog
  3092 | D:3      | Noticed Terence
  3106 | D:3      | Killed Terence
  3250 | D:4      | Reached skill level 1 in Shields
  3800 | D:4      | Noticed an ice beast
  3809 | D:4      | Killed an ice beast
  3809 | D:4      | Reached XP level 6. HP: 53/53 MP: 6/6
  4106 | D:5      | Entered Level 5 of the Dungeon
  4117 | D:5      | Your scales start taking on a lurid green colour.
  4117 | D:5      | Reached XP level 7. HP: 60/60 MP: 7/7
  4117 | D:5      | Gained mutation: Your system is resistant to poisons. (rPois) [Green Draconian growth]
  4121 | D:5      | Noticed Edmund
  4154 | D:5      | Killed Edmund
  4175 | D:5      | Reached skill level 5 in Fighting
  4313 | D:5      | You fall through a shaft!
  4313 | D:6      | Found a blossoming altar of Fedhas.
  4501 | D:5      | Found a staircase to the Ecumenical Temple.
  4511 | D:5      | Found a sparkling altar of Nemelex Xobeh.
  4807 | D:5      | Reached skill level 5 in Dodging
  4807 | D:5      | Reached XP level 8. HP: 43/68 MP: 8/8
  4847 | D:5      | Found an ancient bone altar of Kikubaaqudgha.
  5294 | D:6      | Reached skill level 5 in Long Blades
  5372 | D:6      | Noticed Pikel
  5597 | D:6      | Killed Pikel
  5597 | D:6      | Reached skill level 5 in Shields
  5833 | D:6      | Noticed Eustachio
  5908 | D:6      | HP: 2/70 [river rat[Eustachio] (6)]
  5910 | D:6      | Killed Eustachio
  6829 | D:7      | Found Jenont's Food Emporium.
  6845 | D:7      | Reached XP level 9. HP: 69/75 MP: 9/9
  7273 | D:8      | Gained mutation: You tend to lose your temper in combat. [potion of mutation]
  7273 | D:8      | Gained mutation: You have a pair of small horns on your head. [potion of mutation]
  7273 | D:8      | Gained mutation: You have a pair of horns on your head. [potion of mutation]
  7273 | D:8      | Gained mutation: You are agile. (Dex +2) [potion of mutation]
  7273 | D:8      | Slain by an orc warrior

Skill      XL: |  1  2  3  4  5  6  7  8  9 |
---------------+----------------------------+-----
Dodging        | 3 4 5 |  5.9
Stealth        | 1 2 3 4 |  4.8
Fighting       | 4 5 6 |  6.3
Shields        | 2 3 4 6 |  6.6
Long Blades    | 4 5 6 |  6.0

Action                   |  1- 3 |  4- 6 |  7- 9 || total
-------------------------+-------+-------+-------++-------
Melee: Falchion          |    86 |   183 |   338 ||   607
       Tailslap          |    14 |    37 |    58 ||   109
       Headbutt          |       |       |     1 ||     1
Invok: Berserk           |     2 |     8 |     7 ||    17
       Trog's Hand       |       |       |     3 ||     3
 Abil: Breathe Noxious F |       |       |     2 ||     2
  Use: Potion            |       |       |     7 ||     7
 Stab: Sleeping          |     3 |     3 |     7 ||    13
  Eat: Chunk             |     4 |    14 |     8 ||    26
       Royal jelly       |       |     1 |     2 ||     3
       Meat ration       |       |       |     1 ||     1
       Fruit             |       |       |     1 ||     1
       Bread ration      |       |       |     1 ||     1
Armor: Skin              |    31 |    33 |   146 ||   210
Dodge: Dodged            |    77 |    94 |   135 ||   306
Block: Large shield      |       |    59 |   337 ||   396
       Rpst.: Falchion   |    24 |    28 |    41 ||    93
